 Dungeon Crawl Stone Soup version 0.27-a0-1154-gfdeffcb720 (webtiles) character file.

Game seed: 17948343437667966267

303 ZappyNine the Skirmisher (level 6, -7/49 (51) HPs)
             Began as a Formicid Fighter on May 14, 2021.
             Mangled by a wight
             ... wielding a +0 great sword
              (11 damage)
             ... on level 4 of the Dungeon.
             The game lasted 00:03:18 (3064 turns).

ZappyNine the Skirmisher (Formicid Fighter)         Turns: 3064, Time: 00:03:19

HP:   -7/49 (51)    AC: 10    Str: 23    XL:     6   Next: 65%
MP:   6/6           EV:  8    Int:  7    God:
Gold: 94            SH: 10    Dex: 10    Spells: 5/5 levels left

rFire    . . .     SeeInvis +   m - +3 falchion
rCold    . . .     Faith    .   c - +0 kite shield
rNeg     . . .     Spirit   .   b - +0 scale mail
rPois    .         Reflect  .   (helmet unavailable)
rElec    .         Harm     .   k - +0 cloak
rCorr    .         Rampage  .   i - +0 pair of gloves
Will     .....                  j - +0 pair of boots
Stlth    ..........             (no amulet)
HPRegen  0.16/turn              (no ring)
MPRegen  0.10/turn              (no ring)

@: mighty, lightly drained
A: permanent stasis, dig shafts and tunnels, antennae 3, four strong arms
a: Dig, Shaft Self


You were on level 4 of the Dungeon.
You visited 1 branch of the dungeon, and saw 4 of its levels.

You collected 94 gold pieces.

Inventory:

Hand Weapons
 a - a +0 long sword
 m - a +3 falchion (weapon)
Missiles
 l - 8 atropa-tipped darts
Armour
 b - a +0 scale mail (worn)
 c - a +0 kite shield (worn)
 i - a +0 pair of gloves (worn)
 j - a +0 pair of boots (worn)
 k - a +0 cloak (worn)
Wands
 o - a wand of polymorph (7)
Scrolls
 e - 3 scrolls of identify {unknown}
 g - a scroll of vulnerability {unknown}
 h - a scroll of teleportation {unknown}
 n - a scroll of noise {unknown}
 p - a scroll of amnesia {unknown}
Potions
 d - 2 potions of might


   Skills:
 + Level 5.3 Fighting
 + Level 4.2 Long Blades
 - Level 3.3 Armour
 + Level 5.0 Shields


You had 5 spell levels left.
You didn't know any spells.
Your spell library contained the following spells:

 Spells                   Type           Power      Damage    Failure   Level
 Corona                   Hex            0%         N/A       95%         1
 Ensorcelled Hibernation  Hex/Ice        0%         N/A       99%         2
 Confusing Touch          Hex            0%         N/A       100%        3
 Dazzling Flash           Conj/Hex       0%         N/A       100%        3
 Tukima's Dance           Hex            0%         N/A       100%        3


Dungeon Overview and Level Annotations

Branches:
Dungeon (4/15)
 Temple: D:4-7

Altars:
Gozag

Shops:
D:1 ?


Innate Abilities, Weirdness & Mutations

You cannot be hasted, slowed, berserked, paralysed or teleported.
You can dig through walls and to a lower floor.
You have a pair of large antennae on your head. (SInv)
Your four strong arms can wield two-handed weapons with a shield.


Message History

You block the wight's attack. The wight hits you with a +0 mace.
* * * LOW HITPOINT WARNING * * *
You hit the wight but do no damage.
The wight is severely damaged.
The wight hits you with a +0 mace.
* * * LOW HITPOINT WARNING * * *
You feel drained.
You barely miss the wight.
The wight is severely damaged.
The wight barely misses you.
You barely miss the wight.
The wight is severely damaged.
The wight misses you. You block the wight's attack.
You hit the wight but do no damage.
The wight is severely damaged.
You block the wight's attack.
You hit the wight but do no damage.
The wight is severely damaged.
You block the wight's attack.
You hit the wight.
The wight is almost destroyed.
The wight hits you with a +0 mace.
* * * LOW HITPOINT WARNING * * *
You feel drained.
You slash the wight!
You destroy the wight!
Your Shields skill increases to level 5!
It was a potion of cancellation.
You feel magically purged. You block the wight's attack.
You feel very mighty all of a sudden. You block the wight's attack.
You slash the wight!
The wight is heavily damaged.
You block the wight's attack. The wight barely misses you.
You riposte.
You closely miss the wight.
The wight is heavily damaged.
You barely miss the wight.
The wight is heavily damaged.
The wight hits you with a +0 great sword!
You die...

#.###.#.#.#
....#.#.#.#
#.#.#.#.#.#
####.#.#.#.#.#
..#.#.#.#.#.#
#.#[..#.#.#.########
#.#.#.#.#.#z........
#.z.#....z...####
#.#.#.#.#.###.#@#
#z#z#.#.#.# ##z##
#'#...#.#.# ###
.........#.#
.........#.#
.......).#.#
.........#.#
.........+
.........#


You could see a wight.

Vanquished Creatures
  A centaur (D:3)
  2 wights (D:4)
  An orc wizard (D:3)
  A gnoll (D:1)
  2 adders (D:3)
  2 worms
  3 orcs (D:3)
  8 ball pythons
  7 bats
  7 endoplasms
  2 giant cockroaches
  2 goblins
  9 hobgoblins
  7 jackals (D:1)
  7 frilled lizards
  6 kobolds
  10 rats
77 creatures vanquished.

Notes
Turn   | Place    | Note
-------+----------+-------------------------------------------
     0 | D:1      | ZappyNine the Formicid Fighter began the quest for the Orb.
     0 | D:1      | Reached XP level 1. HP: 18/18 MP: 1/1
   107 | D:1      | Reached XP level 2. HP: 23/24 MP: 2/2
   529 | D:1      | Found Daschy's Magic Scroll Boutique.
   534 | D:1      | Reached XP level 3. HP: 29/30 MP: 3/3
  1355 | D:2      | Reached XP level 4. HP: 37/37 MP: 4/4
  1501 | D:2      | Found a faded altar of an unknown god.
  2089 | D:3      | Reached XP level 5. HP: 35/43 MP: 5/5
  2486 | D:3      | Noticed a centaur
  2494 | D:3      | Killed a centaur
  2495 | D:3      | Reached skill level 5 in Fighting
  2495 | D:3      | Reached XP level 6. HP: 34/51 MP: 6/6
  2712 | D:3      | Found an opulent altar of Gozag.
  3061 | D:4      | Reached skill level 5 in Shields
  3064 | D:4      | Mangled by a wight

Illustrated notes

Levels and vault maps discovered:
D:1:      giann_wishing_wells, layout_basic, serial_shops,
          nicolae_shop_waterfront
D:2:      layout_loops_ring, basic_ecumenical_altar
D:3:      layout_loops_cross, nicolae_overflow_hidden_temple
D:4:      layout_basic, amcnicky_altar_gilded

Skill      XL: |  1  2  3  4  5  6 |
---------------+-------------------+-----
Fighting       | 4 5 |  5.3
Long Blades    | 3 4 |  4.2
Shields        | 4 5 |  5.0
Armour         | |  3.3

Action                   |  1- 3 |  4- 6 || total
-------------------------+-------+-------++-------
Melee: Long sword        |   107 |    63 ||   170
       Falchion          |       |    65 ||    65
 Abil: Dig               |       |     8 ||     8
  Use: Potion            |       |     2 ||     2
Armor: Scale mail        |    62 |    54 ||   116
Dodge: Dodged            |    42 |    38 ||    80
Block: Kite shield       |    62 |    60 ||   122
       Rpst.: Long sword |    14 |     5 ||    19
       Falchion          |       |     7 ||     7

Table legend: (Time is in decaauts)
 A = Elapsed time spent in this place.
 B = Non-inter-level travel time spent in this place.
 C = Inter-level travel time spent in this place.
 D = Time resting spent in this place.
 E = Time spent auto-exploring this place.
 F = Levels seen in this place.
 G = Mean time per level.
                   A        B        C        D        E       F      G
               +--------+--------+--------+--------+--------+-----+--------+
         Total |   3157 |   3024 |    133 |    198 |   2143 |   4 |  789.2 |
       Dungeon |   3157 |   3024 |    133 |    198 |   2143 |   4 |  789.2 |
               +--------+--------+--------+--------+--------+-----+--------+

Top non-repeatable levels by time:
     D:1: 1331 daAuts
     D:3: 1022 daAuts
     D:2: 749 daAuts
     D:4: 54 daAuts
